 Dungeon Crawl Stone Soup version 0.30.1-11-g7821555f0a (webtiles) character file.

Game seed: 2030775271695895793

8785 lonewolfV2 the Fighter (level 11, -1/104 HPs)
             Began as a Minotaur Fighter on Oct 31, 2023.
             Was an Elder of Okawaru.
             Slain by a red devil
             ... wielding a +2 heavy trident
              (12 damage)
             ... on level 10 of the Dungeon.
             The game lasted 00:16:14 (10210 turns).

lonewolfV2 the Fighter (Minotaur Fighter)          Turns: 10210, Time: 00:16:14

Health: -1/104     AC: 21    Str: 23    XL:     11   Next: 14%
Magic:  15/16      EV: 13    Int:  5    God:    Okawaru [****..]
Gold:   468        SH:  0    Dex: 12    Spells: 10/10 levels left

rFire   + . .        a - +1 war axe
rCold   . . .        c - +0 buckler
rNeg    . . .        y - +5 chain mail "Pameyry" {+Inv rF+}
rPois   .            (helmet restricted)
rElec   .            p - +1 cloak
rCorr   +            k - +0 pair of gloves
SInv    .            (no boots)
Will    .....        h - amulet of the acrobat Stlth
                     r - ring of resist corrosion
HPRegen 0.37/turn    (no ring)
MPRegen 0.15/turn

%: acrobat
@: confused, lethally poisoned (-1 -> -37), heroic, finesse-ful, ambrosia-drunk,
weakened, spiked
A: horns 2, retaliatory headbutt
a: Renounce Religion, Evoke Invisibility, Heroism, Finesse


You were on level 10 of the Dungeon.
You worshipped Okawaru.
Okawaru was greatly pleased with you.
You visited 2 branches of the dungeon, and saw 11 of its levels.

You collected 558 gold pieces.
You spent 90 gold pieces at shops.

Inventory:

Hand Weapons
 a - a +1 war axe (weapon)
Armour
 c - a +0 buckler (worn)
 k - a +0 pair of gloves (worn)
 p - a +1 cloak (worn)
 u - a +0 plate armour
 y - the +5 chain mail "Pameyry" (worn) {+Inv rF+}
   (You found it on level 9 of the Dungeon)

   rF:        It protects you from fire.
   +Inv:      It lets you turn invisible.
Jewellery
 h - an amulet of the acrobat (around neck)
 r - a ring of resist corrosion (left hand)
 z - a ring of ice
Wands
 i - a wand of roots (10)
 q - a wand of polymorph (11)
 x - a wand of flame (19)
Scrolls
 b - 4 scrolls of teleportation
 o - a scroll of vulnerability {unknown}
 t - a scroll of identify
 v - a scroll of blinking
Potions
 d - a potion of might
 e - 4 potions of flight
 f - 3 potions of haste
 g - a potion of cancellation
 j - a potion of attraction
 n - a potion of invisibility
 s - a potion of berserk rage
 w - a potion of brilliance {unknown}


   Skills:
 * Level 11.9(16.9) Fighting
 - Level 6.5(11.5) Axes
 - Level 8.1(13.1) Armour
 - Level 8.0(13.0) Dodging
 + Level 6.3(11.3) Shields
 * Level 8.7 Invocations


You had 10 spell levels left.
You didn't know any spells.
Your spell library contained the following spells:

 Spells                   Type           Power      Damage    Failure   Level
 Freeze                   Ice            0%         1d3       94%         1
 Slow                     Hex            0%         N/A       94%         1
 Sublimation of Blood     Necr           0%         N/A       98%         2
 Confusing Touch          Hex            0%         N/A       100%        3
 Frozen Ramparts          Ice            0%         1d1       100%        3
 Gell's Gravitas          Tloc           0%         N/A       100%        3
 Hailstorm                Conj/Ice       0%         3d3       100%        3
 Ozocubu's Armour         Ice            0%         N/A       100%        3
 Teleport Other           Tloc           0%         N/A       100%        3
 Vampiric Draining        Necr           0%         2d6       100%        3
 Petrify                  Tmut/Erth      0%         N/A       100%        4
 Irradiate                Conj/Tmut      0%         3d11      100%        5
 Dispersal                Tloc           0%         N/A       100%        6
 Ozocubu's Refrigeration  Ice            0%         4d7       100%        7


Dungeon Overview and Level Annotations

Branches:
Dungeon (10/15)            Temple (1/1) D:5
   Lair: D:8-11         Orc: D:9-12

Altars:
Ashenzari
Cheibriados
Elyvilon
Gozag
Hepliaklqana
Makhleb
Nemelex Xobeh
Okawaru
Sif Muna
Uskayaw
Vehumet
Yredelemnul
Zin

Shops:
D:4 *   D:7 (

Annotations:
D:7 3 runed translucent doors, ShellytheWitch's ghost, novice KoBr; monsoonserge's ghost, novice MfMo


Innate Abilities, Weirdness & Mutations

You have a pair of horns on your head.
You reflexively headbutt those who attack you in melee.


Message History

You kill the orange demon!
Okawaru accepts your kill.
Okay, then.
The barbs in your skin will harm you if you move.
Continue?
Okay, then.
The orange demon barely misses you. The red devil barely misses you.
The orange demon misses you. The red devil completely misses you.
The orange demon completely misses you. You block the orange demon's attack.
The red devil misses you. You block the orange demon's attack.
The red devil misses you. The orange demon completely misses you.
The red devil closely misses you.
The orange demon stings you but does no damage.
The red devil completely misses you. The orange demon misses you.
The orange demon completely misses you. You block the red devil's attack.
The orange demon completely misses you. The orange demon barely misses you.
The red devil misses you. The orange demon stings you from afar!
* * * LOW HITPOINT WARNING * * *
You are poisoned.
The orange demon poisons you!
* * * LOW HITPOINT WARNING * * *
You feel very sick. The orange demon completely misses you.
The red devil closely misses you. The orange demon stings you from afar.
* * * LOW HITPOINT WARNING * * *
You block the red devil's attack. You block the orange demon's attack.
You are confused.
You feel invigorated.
* * * LOW HITPOINT WARNING * * *
You feel very sick. The orange demon completely misses you.
The red devil hits you from afar with a +0 trident.
* * * LOW HITPOINT WARNING * * *
Barbed spikes become lodged in your body.
The orange demon stings you from afar.
* * * LOW HITPOINT WARNING * * *
You are more poisoned.
The orange demon poisons you!
The orange demon stings you but does no damage.
The red devil hits you from afar with a +2 heavy trident!
You die...

..............#**,,,*,,*,,**,,,,,
..#.....####..# **,,,,,,,,**,,,,,
........# #..# *,,,,,,,,**,,,,,
..#.....# #..# *,,*,,*,,**,,,,,
........# #..# *,**,,**,**,,,,,
⌠.#.....# #..# *,*,,,,*,**,,,,,
........# #..# *,#,,,,*,**,,,,,
..#.....# #..####4##,,**,**,,,,,
........# #....@.44#,,*,,**,,,,,
........# #..###.4..(..,,,*,,,,,
........# #..# *44.....,,,*,,,,,
)[......####..# *...#..#,,,,,,,,,
..............# *#.##,.#*,,,,,,,,
############### *.#,,,.*,,******
*.#,,,,*,** *.#*,,**,* *,,****,,*


You could see 3 orange demons and 3 red devils.

Vanquished Creatures
  A two-headed ogre (D:9)
  2 orange demons (D:10)
  Joseph (D:7)
  An unseen horror (D:9)
  A kobold demonologist (D:9)
  An unseen horror zombie (D:9)
  2 trolls
  9 yaks (D:9)
  2 wyverns
  Menkaure (D:4)
  Duvessa (D:6)
  A black bear (D:6)
  6 ice beasts
  A sky beast (D:7)
  2 ogres
  A centaur (D:8)
  A phantom (D:6)
  22 kobold brigands
  6 bullfrogs
  2 scorpions
  A wight (D:3)
  Dowan (D:6)
  6 killer bees (D:7)
  3 howler monkeys
  6 hounds
  2 orc priests
  6 orc wizards
  A sleepcap (D:4)
  6 iguanas
  A howler monkey zombie (D:9)
  4 adders
  A shadow imp (D:4)
  2 white imps
  3 worms
  3 dart slugs
  39 orcs
  6 ball pythons
  13 endoplasms
  5 giant cockroaches
  6 goblins
  6 hobgoblins
  A quokka (D:1)
  5 bats
  A frilled lizard (D:2)
  40 kobolds
  7 rats
239 creatures vanquished.

Vanquished Creatures (others)
  An orc wizard (D:4)
1 creature vanquished.

Grand Total: 240 creatures vanquished

Notes
Turn   | Place    | Note
-------+----------+-------------------------------------------
     0 | D:1      | lonewolfV2 the Minotaur Fighter began the quest for the
                  | Orb.
     0 | D:1      | Reached XP level 1. HP: 19/19 MP: 0/0
    70 | D:1      | Reached skill level 1 in Dodging
    71 | D:1      | You fall into a shaft and drop 1 floor!
   106 | D:2      | Reached XP level 2. HP: 23/26 MP: 1/1
   228 | D:1      | Found a faded altar of an unknown god.
   335 | D:1      | Reached XP level 3. HP: 26/31 MP: 2/2
   996 | D:2      | Reached XP level 4. HP: 30/39 MP: 3/3
  1315 | D:3      | Reached XP level 5. HP: 38/45 MP: 4/4
  1319 | D:3      | Reached skill level 5 in Armour
  1757 | D:3      | Found a radiant altar of Vehumet.
  1909 | D:4      | Noticed a +0 hand axe
  1909 | D:4      | Noticed a +0 dagger
  1920 | D:4      | Reached skill level 5 in Dodging
  1949 | D:4      | Reached XP level 6. HP: 41/51 MP: 5/5
  2068 | D:4      | Identified the +4 ring mail of Wezoplud {rN+++}
  2373 | D:4      | Noticed Menkaure
  2381 | D:4      | Killed Menkaure
  2810 | D:4      | Found an opulent altar of Gozag.
  2814 | D:4      | Found Gozag's Platinum Reserve.
  2890 | D:4      | Found a hide-covered altar of Uskayaw.
  3218 | D:4      | Reached XP level 7. HP: 10/57 MP: 6/6
  3926 | D:5      | Entered Level 5 of the Dungeon
  4969 | D:5      | Found a staircase to the Ecumenical Temple.
  4994 | Temple   | Entered the Ecumenical Temple
  5008 | Temple   | Became a worshipper of Warmaster Okawaru
  5051 | D:6      | Reached XP level 8. HP: 59/64 MP: 7/7
  5190 | D:6      | Noticed a troll
  5194 | D:6      | Killed a troll
  5195 | D:6      | Reached skill level 5 in Fighting
  5331 | D:6      | Reached * piety under Okawaru
  5397 | D:6      | Reached skill level 6 in Fighting
  5397 | D:6      | Reached skill level 1 in Invocations
  5505 | D:6      | Noticed Duvessa
  5506 | D:6      | Noticed Dowan
  5525 | D:6      | Killed Duvessa
  5527 | D:6      | Killed Dowan
  6247 | D:7      | Reached XP level 9. HP: 78/78 MP: 8/10
  6276 | D:7      | Found Fosoutuc's Weapon Shoppe.
  6288 | D:7      | Reached skill level 7 in Fighting
  6399 | D:7      | Found a runed translucent gate.
  6400 | D:7      | Found a runed translucent gate.
  6400 | D:7      | Found a runed translucent gate.
  6401 | D:7      | Noticed monsoonserge's ghost (novice MfMo)
  6401 | D:7      | Noticed ShellytheWitch's ghost (novice KoBr)
  6480 | D:7      | Reached skill level 5 in Axes
  6496 | D:7      | Reached ** piety under Okawaru
  6926 | D:7      | Reached skill level 8 in Fighting
  6972 | D:7      | Noticed Joseph
  6982 | D:7      | Killed Joseph
  7046 | D:7      | Reached skill level 5 in Invocations
  7298 | D:8      | Reached skill level 9 in Fighting
  7416 | D:8      | Found a hazy altar of Hepliaklqana.
  7531 | D:8      | Reached *** piety under Okawaru
  7622 | D:8      | Found Zin's Purification Station.
  7627 | D:8      | Found a glowing silver altar of Zin.
  7630 | D:8      | Bought a potion of curing for 90 gold pieces
  7835 | D:9      | Noticed a troll
  7842 | D:9      | Killed a troll
  7843 | D:9      | Reached XP level 10. HP: 91/91 MP: 10/13
  8341 | D:10     | Entered Level 10 of the Dungeon
  8402 | D:9      | Noticed a smoke demon
  8422 | D:9      | Reached skill level 10 in Fighting
  8449 | D:9      | Reached **** piety under Okawaru
  8733 | D:9      | Noticed a two-headed ogre
  8739 | D:9      | Reached skill level 5 in Shields
  8757 | D:9      | Killed a two-headed ogre
  8758 | D:9      | Reached skill level 11 in Fighting
  9355 | D:9      | Identified the +5 chain mail "Pameyry" {+Inv rF+}
  9608 | D:9      | Reached ***** piety under Okawaru
  9609 | D:9      | Reached XP level 11. HP: 90/102 MP: 16/16
  9721 | D:9      | Found a basalt altar of Yredelemnul.
  9941 | D:10     | Found a white marble altar of Elyvilon.
 10009 | D:10     | Found a burning altar of Makhleb.
 10210 | D:10     | Slain by a red devil

Illustrated notes

Levels and vault maps discovered:
D:1:      elethiomel_arrival_maze, layout_basic,
          hellmonk_ecumenical_altar_pennies_from_heaven
D:2:      layout_loops_ring, basic_altar, kennysheep_nondescript,
          dk_noncrumbling_3, minmay_misc_feat_tower,
          minmay_randomly_rotated_circles
D:3:      layout_loops_ring, general_overflow_altar, grunt_decor_junction,
          st_stairs_4
D:4:      layout_layer_cave, nicolae_gozag_zags_fifth_avenue,
          dancing_weapons_uskayaw, uniq_menkaure
D:5:      layout_basic, minmay_temple_entry_junction
D:6:      layout_basic, amethyst_killhole, uniq_duvessa
D:7:      layout_loops_cross, serial_shops, shop, gammafunk_ghost_cemetery,
          uniq_joseph
D:8:      layout_rooms, zin_purify, kennysheep_little_box
D:9:      layout_roguey [special_room_kobold], lemuel_zombie_altar_yredelemnul
D:10:     layout_long_grid, marbit_many_paths, bloody_makhleb, elyvilon_altar_5,
          minmay_beelzebubs_servants
Temple:   nicolae_temple_god_jail

Skill      XL: |  1  2  3  4  5  6  7  8  9 10 |
---------------+-------------------------------+-----
Dodging        | 1 2 3 4 5 6 7 8 |  8.0
Armour         | 4 5 6 7 8 |  8.1
Fighting       | 6 9 11 | 11.9
Axes           | 4 6 |  6.5
Invocations    | 2 6 8 |  8.7
Shields        | 6 |  6.3

Action                     |  1- 3 |  4- 6 |  7- 9 | 10-12 || total
---------------------------+-------+-------+-------+-------++-------
  Melee: War axe           |    78 |   102 |   204 |   178 ||   562
         Headbutt          |    13 |    29 |    39 |    30 ||   111
 Invoke: Heroism           |       |       |     2 |     5 ||     7
         Finesse           |       |       |       |     1 ||     1
  Evoke: Wand              |       |     1 |     1 |       ||     2
    Use: Scroll            |       |    10 |     6 |     4 ||    20
         Potion            |       |       |     3 |     5 ||     8
 Armour: Scale mail        |    39 |     4 |       |       ||    43
         Chain mail        |       |    83 |   132 |   105 ||   320
         Plate armour      |       |       |       |    77 ||    77
  Dodge: Dodged            |    49 |    61 |   198 |   192 ||   500
  Block: Buckler           |    33 |    19 |    67 |    94 ||   213
